MLB
SAN FRANCISCO GIANTS @ SAN DIEGO PADRES
04/12/2020
 
TOP OF THE 1ST
San Francisco Giants batting - Pitching for San Diego Padres : RHP Justin Verlander
Pitching: RHP Justin Verlander
Batting: LHB Cavan Biggio 0-0: Foul Ball, location: 2F
0-1: Swinging Strike
0-2: Ball
1-2: Ground out U3 (Groundball, 3, EV 82.5 MPH)
Batting: LHB Steven Duggar 0-0: Ball
1-0: Fly out, F8 (Flyball, 8LD, EV 97.5 MPH)
Batting: RHB Tim Anderson 0-0: Ball
1-0: SINGLE (Groundball, 34D, EV 99.4 MPH)
Batting: RHB Hunter Dozier 0-0: Swinging Strike
0-1: Foul Ball, location: 2F
0-2: Ball
1-2: Foul Ball, location: 2F
1-2: Ball
2-2: Strikes out looking
Top of the 1st over - 0 runs, 1 hit, 0 errors, 1 left on base; San Francisco 0 - San Diego 0
BOTTOM OF THE 1ST
San Diego Padres batting - Pitching for San Francisco Giants : RHP Jordan Yamamoto
Pitching: RHP Jordan Yamamoto
Batting: SHB Carlos Santana 0-0: Ball
1-0: Foul Ball, location: 2F
1-1: Ground out 6-3 (Groundball, 4, EV 105.0 MPH)
Batting: RHB Amed Rosario 0-0: Called Strike
0-1: Ball
1-1: Swinging Strike
1-2: Strikes out swinging
Batting: RHB Jose Altuve 0-0: Called Strike
0-1: Foul Ball, location: 2F
0-2: SINGLE (Line Drive, 7S, EV 90.6 MPH)
Batting: RHB Hunter Renfroe 0-0: Ball
1-0: Ball
2-0: Ball
3-0: Base on Balls
Jose Altuve to second
Batting: SHB Johan Camargo 0-0: Foul Ball, location: 2F
0-1: Called Strike
0-2: SINGLE (Line Drive, 78S, EV 93.8 MPH)
Jose Altuve to third
Hunter Renfroe to second
Batting: LHB Mike Yastrzemski 0-0: Foul Ball, location: 2F
0-1: Foul Ball, location: 2F
0-2: Ball
1-2: Foul Ball, location: 2F
1-2: Strikes out swinging
Bottom of the 1st over - 0 runs, 2 hits, 0 errors, 3 left on base; San Francisco 0 - San Diego 0
TOP OF THE 2ND
San Francisco Giants batting - Pitching for San Diego Padres : RHP Justin Verlander
Batting: RHB Travis d'Arnaud 0-0: Ball
1-0: Fly out, F8 (Flyball, 8LD, EV 88.1 MPH)
Batting: SHB Dexter Fowler 0-0: Ball
1-0: Called Strike
1-1: Called Strike
1-2: Strikes out swinging
Batting: RHB Austin Slater 0-0: Fly out, F7 (Line Drive, 7, EV 90.0 MPH)
Top of the 2nd over - 0 runs, 0 hits, 0 errors, 0 left on base; San Francisco 0 - San Diego 0
BOTTOM OF THE 2ND
San Diego Padres batting - Pitching for San Francisco Giants : RHP Jordan Yamamoto
Batting: SHB Victor Caratini 0-0: Ball
1-0: Swinging Strike
1-1: Swinging Strike
1-2: Strikes out swinging
Batting: RHB Lorenzo Cain 0-0: Ground out 6-3 (Groundball, 4MS, EV 65.6 MPH)
Batting: RHB Justin Verlander 0-0: Called Strike
0-1: Ball
1-1: Fly out, F8 (Flyball, 78D, EV 97.5 MPH)
Bottom of the 2nd over - 0 runs, 0 hits, 0 errors, 0 left on base; San Francisco 0 - San Diego 0
TOP OF THE 3RD
San Francisco Giants batting - Pitching for San Diego Padres : RHP Justin Verlander
Batting: RHB Kevin Padlo 0-0: Ball
1-0: Called Strike
1-1: Ball
2-1: Called Strike
2-2: Ball
3-2: Strikes out swinging
Batting: RHB Jordan Yamamoto 0-0: Ball
1-0: Ball
2-0: Called Strike
2-1: Fly out, F9 (Line Drive, 9, EV 101.3 MPH)
Batting: LHB Cavan Biggio 0-0: Called Strike
0-1: Ball
1-1: SINGLE (Line Drive, 78S, EV 96.9 MPH)
Batting: LHB Steven Duggar 0-0: Swinging Strike
0-1: Ball
1-1: Ball
2-1: Called Strike
2-2: Strikes out swinging
Top of the 3rd over - 0 runs, 1 hit, 0 errors, 1 left on base; San Francisco 0 - San Diego 0
BOTTOM OF THE 3RD
San Diego Padres batting - Pitching for San Francisco Giants : RHP Jordan Yamamoto
Batting: SHB Carlos Santana 0-0: Called Strike
0-1: Foul Ball, location: 2F
0-2: Strikes out looking
Batting: RHB Amed Rosario 0-0: Ball
1-0: Ball
2-0: Foul Ball, location: 2F
2-1: Ball
3-1: Called Strike
3-2: DOUBLE (Line Drive, 89XD, EV 108.8 MPH)
Pinch Runner at 2nd Adam Duvall:
Batting: RHB Jose Altuve 0-0: Called Strike
0-1: Foul Ball, location: 2F
0-2: Ball
1-2: Foul Ball, location: 2F
1-2: Foul Ball, location: 2F
1-2: SINGLE (Groundball, 56D, EV 99.4 MPH)
Adam Duvall to third
Runner from 3rd tries for Home, SAFE, throw by LF to home
Batting: RHB Hunter Renfroe 0-0: Called Strike
0-1: Swinging Strike
0-2: Strikes out swinging
Batting: SHB Johan Camargo 0-0: Ball
1-0: Ball
2-0: Ball
3-0: Called Strike
3-1: Base on Balls
Jose Altuve to second
Batting: LHB Mike Yastrzemski 0-0: Ball
1-0: DOUBLE (Line Drive, 7LS, EV 106.9 MPH)
Jose Altuve scores
Johan Camargo to third
Runner from 3rd tries for Home, SAFE, throw by LF to home
Batting: SHB Victor Caratini 0-0: Ball
1-0: Called Strike
1-1: Ball
2-1: Ball
3-1: Base on Balls
Batting: RHB Lorenzo Cain 0-0: Called Strike
0-1: Swinging Strike
0-2: Foul Ball, location: 2F
0-2: Foul Ball, location: 2F
0-2: Ball
1-2: Foul Ball, location: 2F
1-2: Ball
2-2: Ball
3-2: Strikes out swinging
Bottom of the 3rd over - 3 runs, 3 hits, 0 errors, 2 left on base; San Francisco 0 - San Diego 3
TOP OF THE 4TH
San Francisco Giants batting - Pitching for San Diego Padres : RHP Justin Verlander
Now at SS: Jose Iglesias
Batting: RHB Tim Anderson 0-0: Called Strike
0-1: Foul Ball, location: 2F
0-2: Ball
1-2: Ball
2-2: Ball
3-2: Strikes out swinging, 2-3 out at first.
Batting: RHB Hunter Dozier 0-0: Called Strike
0-1: Ball
1-1: Ball
2-1: Ground out 6-3 (Groundball, 56, EV 95.6 MPH)
Batting: RHB Travis d'Arnaud 0-0: Ground out U3 (Groundball, 3, EV 109.4 MPH)
Top of the 4th over - 0 runs, 0 hits, 0 errors, 0 left on base; San Francisco 0 - San Diego 3
BOTTOM OF THE 4TH
San Diego Padres batting - Pitching for San Francisco Giants : RHP Jordan Yamamoto
Batting: RHB Justin Verlander 0-0: Called Strike
0-1: Foul Ball, location: 2F
0-2: Foul Ball, location: 2F
0-2: Strikes out swinging
Batting: SHB Carlos Santana 0-0: Ground out U3 (Groundball, 3L, EV 98.1 MPH)
Batting: RHB Jose Iglesias 0-0: Swinging Strike
0-1: Ball
1-1: Foul Ball, location: 2F
1-2: Ball
2-2: Foul Ball, location: 2F
2-2: Strikes out swinging
Bottom of the 4th over - 0 runs, 0 hits, 0 errors, 0 left on base; San Francisco 0 - San Diego 3
TOP OF THE 5TH
San Francisco Giants batting - Pitching for San Diego Padres : RHP Justin Verlander
Batting: SHB Dexter Fowler 0-0: Ball
1-0: Ball
2-0: Swinging Strike
2-1: Foul Ball, location: 2F
2-2: Strikes out swinging
Batting: RHB Austin Slater 0-0: Ball
1-0: Called Strike
1-1: Called Strike
1-2: Ball
2-2: Ball
3-2: Base on Balls
Batting: RHB Kevin Padlo 0-0: Ball
1-0: Called Strike
1-1: Called Strike
1-2: Ball
2-2: Foul Ball, location: 2F
2-2: Foul Ball, location: 2F
2-2: Ball
3-2: SINGLE (Line Drive, 8LS, EV 107.5 MPH)
Austin Slater to second
Batting: RHB Jordan Yamamoto 0-0: Reached on error, E1 (Groundball, 13, EV 43.8 MPH)
Austin Slater scores
Kevin Padlo to third
Batting: LHB Cavan Biggio 0-0: Ball
1-0: Ground out 4-3 (Groundball, 4, EV 85.0 MPH)
Kevin Padlo scores
Jordan Yamamoto to third
Batting: LHB Steven Duggar 0-0: Ball
1-0: Ball
2-0: Swinging Strike
2-1: Ground out 4-3 (Groundball, 4, EV 103.1 MPH)
Top of the 5th over - 2 runs, 1 hit, 1 error, 1 left on base; San Francisco 2 - San Diego 3
BOTTOM OF THE 5TH
San Diego Padres batting - Pitching for San Francisco Giants : RHP Jordan Yamamoto
Batting: RHB Jose Altuve 0-0: Foul Ball, location: 2F
0-1: Foul Ball, location: 2F
0-2: Ball
1-2: Ball
2-2: Fly out, F9 (Line Drive, 8RM, EV 91.9 MPH)
Batting: RHB Hunter Renfroe 0-0: Ball
1-0: DOUBLE (Flyball, 78XD, EV 109.4 MPH)
Batting: SHB Johan Camargo 0-0: Swinging Strike
0-1: Ball
1-1: Called Strike
1-2: Strikes out swinging
Batting: LHB Mike Yastrzemski 0-0: Called Strike
0-1: Foul Ball, location: 2F
0-2: Ball
1-2: Strikes out swinging
Bottom of the 5th over - 0 runs, 1 hit, 0 errors, 1 left on base; San Francisco 2 - San Diego 3
TOP OF THE 6TH
San Francisco Giants batting - Pitching for San Diego Padres : RHP Justin Verlander
Batting: RHB Tim Anderson 0-0: Called Strike
0-1: Called Strike
0-2: Strikes out swinging
Batting: RHB Hunter Dozier 0-0: Ball
1-0: Ball
2-0: Foul Ball, location: 2F
2-1: Foul Ball, location: 2F
2-2: SINGLE (Groundball, 56D, EV 99.4 MPH)
Batting: RHB Travis d'Arnaud 0-0: Called Strike
0-1: Called Strike
0-2: Grounds into double play, 6-4-3 (Groundball, 6, EV 90.0 MPH)
Top of the 6th over - 0 runs, 1 hit, 0 errors, 0 left on base; San Francisco 2 - San Diego 3
BOTTOM OF THE 6TH
San Diego Padres batting - Pitching for San Francisco Giants : RHP Jordan Yamamoto
Pitching: LHP Tony Watson
Now at C: Welington Castillo
Batting: SHB Victor Caratini 0-0: Ground out 4-3 (Groundball, 4, EV 88.8 MPH)
Batting: RHB Lorenzo Cain 0-0: Called Strike
0-1: Swinging Strike
0-2: Ground out 4-3 (Groundball, 4, EV 86.9 MPH)
Batting: RHB Justin Verlander 0-0: Ground out U3 (Groundball, 3, EV 104.4 MPH)
Bottom of the 6th over - 0 runs, 0 hits, 0 errors, 0 left on base; San Francisco 2 - San Diego 3
TOP OF THE 7TH
San Francisco Giants batting - Pitching for San Diego Padres : RHP Justin Verlander
Batting: SHB Dexter Fowler 0-0: Foul Ball, location: 2F
0-1: Ball
1-1: Ball
2-1: Foul Ball, location: 2F
2-2: Ball
3-2: Fly out, F8 (Line Drive, 8RD, EV 105.6 MPH)
Batting: RHB Austin Slater 0-0: Ball
1-0: Ball
2-0: Fly out, F8 (Flyball, 78D, EV 101.9 MPH)
Batting: RHB Kevin Padlo 0-0: Fly out, F7 (Line Drive, 7, EV 92.5 MPH)
Top of the 7th over - 0 runs, 0 hits, 0 errors, 0 left on base; San Francisco 2 - San Diego 3
BOTTOM OF THE 7TH
San Diego Padres batting - Pitching for San Francisco Giants : LHP Tony Watson
Batting: SHB Carlos Santana 0-0: Ball
1-0: Called Strike
1-1: Ball
2-1: Foul Ball, location: 2F
2-2: Ball
3-2: Foul Ball, location: 2F
3-2: Fly out, F7 (Flyball, 7LS, EV 82.5 MPH)
Batting: RHB Jose Iglesias 0-0: DOUBLE (Groundball, 5L, EV 101.3 MPH)
Batting: RHB Jose Altuve 0-0: Intentional Walk
Batting: RHB Hunter Renfroe 0-0: Ball
1-0: Foul Ball, location: 2F
1-1: Called Strike
1-2: Fly out, F5 (Popup, 5SF, EV 71.3 MPH)
Batting: SHB Johan Camargo 0-0: Foul Ball, location: 2F
0-1: DOUBLE (Line Drive, 78M, EV 99.4 MPH)
Jose Iglesias scores
Jose Altuve to third
Batting: LHB Mike Yastrzemski 0-0: Called Strike
0-1: Called Strike
0-2: Ball
1-2: Foul Ball, location: 2F
1-2: SINGLE (Flyball, 4MD, EV 95.0 MPH)
Jose Altuve scores
Johan Camargo to third
Runner from 3rd tries for Home, SAFE, throw by CF to home
Mike Yastrzemski to second
Pitching: RHP Carlos Alejandro Ramirez
Batting: SHB Victor Caratini 0-0: Ball
1-0: Ball
2-0: Called Strike
2-1: Swinging Strike
2-2: Ball
3-2: Strikes out swinging
Bottom of the 7th over - 3 runs, 3 hits, 0 errors, 1 left on base; San Francisco 2 - San Diego 6
TOP OF THE 8TH
San Francisco Giants batting - Pitching for San Diego Padres : RHP Justin Verlander
Batting: RHB Welington Castillo 0-0: Called Strike
0-1: Ball
1-1: Called Strike
1-2: Ball
2-2: Strikes out looking
Pitching: RHP Archie Bradley
Batting: LHB Cavan Biggio 0-0: Ball
1-0: Foul Ball, location: 2F
1-1: Ball
2-1: Foul Ball, location: 2F
2-2: Ball
3-2: Fly out, F6 (Line Drive, 6, EV 70.0 MPH)
Batting: LHB Steven Duggar 0-0: Swinging Strike
0-1: Called Strike
0-2: Ball
1-2: Foul Ball, location: 2F
1-2: Ball
2-2: Strikes out swinging
Top of the 8th over - 0 runs, 0 hits, 0 errors, 0 left on base; San Francisco 2 - San Diego 6
BOTTOM OF THE 8TH
San Diego Padres batting - Pitching for San Francisco Giants : RHP Carlos Alejandro Ramirez
Batting: RHB Lorenzo Cain 0-0: Ground out 5-3 (Groundball, 5S, EV 86.3 MPH)
Pinch Hitting: LHB Brian Goodwin 0-0: Ground out 6-3 (Groundball, 6, EV 90.6 MPH)
Batting: SHB Carlos Santana 0-0: Ball
1-0: Called Strike
1-1: Ball
2-1: Foul Ball, location: 2F
2-2: Ball
3-2: Ground out 2-3 (Groundball, 15S, EV 66.9 MPH)
Bottom of the 8th over - 0 runs, 0 hits, 0 errors, 0 left on base; San Francisco 2 - San Diego 6
TOP OF THE 9TH
San Francisco Giants batting - Pitching for San Diego Padres : RHP Archie Bradley
Pitching: LHP A.J. Minter
Batting: RHB Tim Anderson 0-0: Called Strike
0-1: Ball
1-1: Called Strike
1-2: Strikes out swinging
Batting: RHB Hunter Dozier 0-0: Called Strike
0-1: Ball
1-1: Called Strike
1-2: Ball
2-2: Strikes out swinging
Pinch Hitting: RHB David Bote 0-0: Called Strike
0-1: Ball
1-1: Called Strike
1-2: Strikes out swinging
Top of the 9th over - 0 runs, 0 hits, 0 errors, 0 left on base; San Francisco 2 - San Diego 6
Tuesday, June 2nd, 2020 - OOTP Baseball 21.3 Build 54